 Dungeon Crawl Stone Soup version 0.31-a0-1529-g7bd419a0e5 (webtiles) character file.

Game seed: 18358438454278669221

9501 octoduck the Reanimator (level 11, 0/83 HPs)
             Began as a Gnoll Necromancer on Dec 31, 2023.
             Was the Champion of Cheibriados.
             Killed from afar by a gargoyle (17 damage)
             ... with a stone arrow
             ... on level 10 of the Dungeon.
             The game lasted 00:42:21 (12139 turns).

octoduck the Reanimator (Gnoll Necromancer)        Turns: 12139, Time: 00:42:22

Health: 0/83       AC: 13    Str: 22    XL:     11   Next: 47%
Magic:  22/23      EV: 18    Int: 34    God:    Cheibriados [******]
Gold:   583        SH:  0    Dex: 28    Spells: 10/26 levels left

rFire   + . .        J - +2 whip (pain)
rCold   . . .        (no shield)
rNeg    + . .        t - +1 ring mail {rF+}
rPois   .            (no helmet)
rElec   .            Q - +1 cloak of Quapeuk {rN+}
rCorr   .            s - +2 pair of gloves
SInv    .            (no boots)
Will    +....        (no amulet)
Stlth   ++++         A - ring of willpower
HPRegen 0.33/turn    (no ring)
MPRegen 0.18/turn

%: no passive effects
@: unable to call your familiar, very slow
A: fangs 1, strong nose, distributed training
a: Renounce Religion, Bend Time, Temporal Distortion, Slouch, Step From Time


You were on level 10 of the Dungeon.
You worshipped Cheibriados.
Cheibriados was exalted by your worship.
You visited 1 branch of the dungeon, and saw 10 of its levels.
You also visited: Sewer.

You collected 583 gold pieces.

Inventory:

Hand Weapons
 f - a +3 dagger
 z - a +6 vampiric battleaxe
 E - a +3 trident of draining
 J - a +2 whip of pain (weapon)
Missiles
 o - 2 throwing nets
Armour
 s - a +2 pair of gloves (worn)
 t - a +1 ring mail of fire resistance (worn)
 C - a +0 buckler
 G - a +0 ring mail of cold resistance
 I - +0 swamp dragon scales
 K - the +1 pair of boots of Xiwni {Fly Dex-2 SInv}
   (You found it on level 8 of the Dungeon)

   Dex-2:     It affects your dexterity (-2).
   SInv:      It lets you see invisible.
   Fly:       It grants you flight.
 M - a +1 leather armour of willpower
 Q - the +1 cloak of Quapeuk (worn) {rN+}
   (You found it on level 10 of the Dungeon)

   rN+:       It protects you from negative energy.
Magical Staves
 N - a staff of death
Jewellery
 a - a ring of resist corrosion
 A - a ring of willpower (left hand)
Talismans
 O - a maw talisman
Wands
 e - a wand of polymorph (4)
 h - a wand of flame (10)
 r - a wand of iceblast (8)
 w - a wand of charming (21)
 P - a wand of mindburst (11)
Scrolls
 d - a scroll of blinking
 i - a scroll of enchant armour {unknown}
 k - a scroll of poison
 n - a scroll of enchant weapon
 p - 2 scrolls of torment
 v - a scroll of noise {unknown}
 y - a scroll of vulnerability {unknown}
 D - a scroll of revelation
 L - 2 scrolls of teleportation
Potions
 b - a potion of magic
 c - a potion of ambrosia
 j - 2 potions of curing
 l - 2 potions of attraction
 m - a potion of berserk rage {unknown}
 q - 4 potions of enlightenment
 u - a potion of brilliance {unknown}
 x - 5 potions of heal wounds
 B - a potion of invisibility {unknown}


   Skills:
 + Level 6.5 Fighting
 + Level 6.5 Short Blades
 + Level 6.5 Long Blades
 + Level 6.5 Axes
 + Level 6.5 Maces & Flails
 + Level 6.5 Polearms
 + Level 6.5 Staves
 + Level 6.5 Ranged Weapons
 + Level 6.5 Throwing
 + Level 6.5 Armour
 + Level 8.1 Dodging
 + Level 7.9 Stealth
 + Level 6.5 Shields
 + Level 6.5 Unarmed Combat
 + Level 8.3 Spellcasting
 + Level 5.4 Conjurations
 + Level 5.4 Hexes
 + Level 5.4 Summonings
 + Level 9.1 Necromancy
 + Level 5.4 Translocations
 + Level 5.4 Fire Magic
 + Level 5.4 Ice Magic
 + Level 5.4 Air Magic
 + Level 5.4 Earth Magic
 + Level 5.4 Alchemy
 + Level 7.2 Invocations
 + Level 6.5 Evocations
 + Level 6.0 Shapeshifting


You had 10 spell levels left.
You knew the following spells:

 Your Spells              Type           Power      Damage    Failure   Level
a - Necrotise             Necr           100%       1d9       1%          1
b - Animate Dead          Necr           66%        N/A       1%          4
c - Call Canine Familiar  Summ           50%        N/A       1%          3
d - Vampiric Draining     Necr           66%        2d10      1%          3
e - Curse of Agony        Necr           66%        N/A       3%          5

Your spell library contained the following spells:

 Spells                   Type           Power      Damage    Failure   Level
 Shock                    Conj/Air       100%       1d9       1%          1
 Summon Small Mammal      Summ           100%       N/A       1%          1
 Swiftness                Air            50%        N/A       1%          3
 Airstrike                Air            25%        2d(4-20)  4%          4
 Manifold Assault         Tloc           50%        N/A       4%          4
 Summon Blazeheart Golem  Fire/Summ      50%        N/A       4%          4
 Dispersal                Tloc           25%        N/A       61%         6
 Orb of Destruction       Conj           25%        9d9       99%         7
 Spellforged Servitor     Conj/Summ      25%        N/A       99%         7
 Disjunction              Tloc           25%        N/A       100%        8


Dungeon Overview and Level Annotations

Branches:
Dungeon (10/15)            Temple (0/1) D:7             Orc (0/2) D:10
  Sewer (visited)
   Lair: D:8-11

Altars:
Ashenzari
Cheibriados
Dithmenos
Fedhas
Hepliaklqana
Makhleb
Nemelex Xobeh
Qazlal
Sif Muna
Trog
Uskayaw
Vehumet
Xom
Yredelemnul
The Shining One

Annotations:
D:4 1 runed translucent door, AstroCodex24's ghost, weakling DgFi


Innate Abilities, Weirdness & Mutations

You have very sharp teeth.
Your uncanny sense of smell can sniff out nearby items.
Your experience applies equally to all skills.


Message History

You hit the gargoyle but do no damage.
The gargoyle is moderately damaged.
The gargoyle hurls a stone arrow at you.
The stone arrow misses you.
You hit the gargoyle.
The gargoyle is moderately damaged.
The gargoyle hits you with a +0 mace.
Casting: Animate Dead (mildly dangerous; 1% risk of failure)
Confirm with . or Enter, or press ? or * to list all spells.
You can't see any susceptible monsters within range! (Use Z to cast anyway.)
You barely miss the gargoyle.
The gargoyle is moderately damaged.
You hit the gargoyle but do no damage.
The gargoyle is moderately damaged.
The gargoyle hurls a stone arrow at you.
The stone arrow hits you!!
Okay, then.
Casting: Animate Dead (mildly dangerous; 1% risk of failure)
Confirm with . or Enter, or press ? or * to list all spells.
You call for your canine familiar and it appears with a howl!
The gargoyle hits you but does no damage.
The gargoyle hits you with a +0 mace!
* * * LOW HITPOINT WARNING * * *
You swap places.
The gargoyle hits your inugami with a +0 mace.
Your inugami hits the gargoyle but does no damage.
The gargoyle hits your inugami but does no damage.
Your inugami barely misses the gargoyle.
The gargoyle completely misses your inugami.
Your inugami hits the gargoyle but does no damage.
The gargoyle hits your inugami with a +0 mace!
Your inugami hits the gargoyle.
As you read the scroll of fog, it dissolves into smoke.
The gargoyle hurls a stone arrow at you.
The stone arrow hits your inugami!!
Your inugami dies!
Your inugami disappears in a puff of smoke!
The gargoyle hurls a stone arrow at you.
The stone arrow hits you!
You die...

#.#.............. ∆
###.#.......#######
................#
###.#§§§....###.# #
#§§§§...# #Z# .
####.#§§§§§..# #.#
###. .......§#9####
#.# #... ####.##§#§#
#[######.# ... #9#@#
#........# ### #.#.#
########.## #.#.#
####Z.. #...#
#.Z.... #.### #####
#.##### #..∆ ...#
#Z#
..#######.####.#####
..##................
##.......####.


You could see a gargoyle.

Vanquished Creatures
  Jeremiah (D:6)
  Maggie (D:7)
  A troll (D:9)
  2 wyverns
  14 yaks
  Grum (D:8)
  2 vampire mosquitoes (D:10)
  An acid dragon (D:8)
  2 water moccasins
  Duvessa (D:6)
  A sky beast (D:7)
  A black bear (D:8)
  An orc warrior (D:8)
  3 ice beasts
  An ogre (D:9)
  A wolf (D:8)
  4 centaurs
  3 phantoms
  Blork the orc (D:6)
  5 kobold brigands
  3 bullfrogs
  3 scorpions
  4 wights (D:8)
  Dowan (D:6)
  2 killer bees (D:8)
  2 bombardier beetles
  Crazy Yiuf (D:4)
  3 hounds
  3 orc priests
  2 gnoll boudas
  A sleepcap (D:5)
  Ijyb (D:4)
  9 orc wizards
  5 adders
  9 gnolls
  3 river rats (Sewer)
  A white imp (D:7)
  4 ufetubi (D:6)
  3 dart slugs
  2 ribbon worms
  31 orcs
  5 endoplasms
  6 giant cockroaches
  6 goblins
  9 hobgoblins
  5 jackals
  4 quokkas
  2 ball pythons
  9 bats
  4 frilled lizards
  25 kobolds
  9 rats
224 creatures vanquished.

Vanquished Creatures (collateral kills)
  A hornet (D:9)
  Grinder (D:5)
  Prince Ribbit (D:5)
  4 yaks
  A steam dragon (D:6)
  An ice beast (D:5)
  2 orc warriors
  2 ogres
  A wolf (D:8)
  A kobold brigand (D:8)
  A wight (D:8)
  2 killer bees (D:9)
  A howler monkey (D:8)
  A hound (D:9)
  2 gnoll boudas (D:9)
  2 orc wizards
  3 adders (D:6)
  6 gnolls
  7 orcs
  3 hobgoblins (D:9)
  3 jackals (Sewer)
  A ball python (D:1)
  A frilled lizard (D:2)
  9 kobolds
  2 rats
59 creatures vanquished.

Vanquished Creatures (others)
  9 yak zombies
  A bullfrog zombie (D:8)
  A sky beast zombie (D:7)
  A hound zombie (D:6)
  A howler monkey zombie (D:8)
  A steam dragon zombie (D:6)
  5 gnoll zombies (D:8)
  5 kobold zombies
  11 orc zombies
  A rat zombie (Sewer)
36 creatures vanquished.

Grand Total: 319 creatures vanquished

Notes
Turn   | Place    | Note
-------+----------+-------------------------------------------
     0 | D:1      | octoduck the Gnoll Necromancer began the quest for the Orb.
     0 | D:1      | Reached XP level 1. HP: 13/13 MP: 6/6
   134 | D:1      | Reached XP level 2. HP: 19/19 MP: 4/7
   581 | D:1      | Found a faded altar of an unknown god.
   585 | D:1      | Prayed at the altar of an unknown god.
   585 | D:1      | Became a worshipper of Cheibriados the Contemplative
   585 | D:1      | Reached * piety under Cheibriados
   673 | D:1      | Reached skill level 5 in Spellcasting
   673 | D:1      | Reached XP level 3. HP: 25/25 MP: 6/9
  1094 | D:2      | Reached skill level 1 in Invocations
  1127 | D:2      | Reached ** piety under Cheibriados
  1259 | D:2      | Reached skill level 1 in Fighting
  1259 | D:2      | Reached skill level 1 in Short Blades
  1259 | D:2      | Reached skill level 1 in Long Blades
  1259 | D:2      | Reached skill level 1 in Axes
  1259 | D:2      | Reached skill level 1 in Maces & Flails
  1259 | D:2      | Reached skill level 1 in Polearms
  1259 | D:2      | Reached skill level 1 in Staves
  1259 | D:2      | Reached skill level 1 in Ranged Weapons
  1259 | D:2      | Reached skill level 1 in Throwing
  1259 | D:2      | Reached skill level 1 in Armour
  1259 | D:2      | Reached skill level 1 in Shields
  1259 | D:2      | Reached skill level 1 in Unarmed Combat
  1259 | D:2      | Reached skill level 1 in Evocations
  1467 | D:2      | Reached skill level 1 in Shapeshifting
  1467 | D:2      | Reached XP level 4. HP: 32/32 MP: 8/11
  1975 | D:3      | Reached skill level 1 in Conjurations
  1975 | D:3      | Reached skill level 1 in Hexes
  1975 | D:3      | Reached skill level 1 in Summonings
  1975 | D:3      | Reached skill level 1 in Translocations
  1975 | D:3      | Reached skill level 1 in Fire Magic
  1975 | D:3      | Reached skill level 1 in Ice Magic
  1975 | D:3      | Reached skill level 1 in Air Magic
  1975 | D:3      | Reached skill level 1 in Earth Magic
  1975 | D:3      | Reached skill level 1 in Alchemy
  2017 | D:3      | Found a radiant altar of Vehumet.
  2055 | D:3      | Reached XP level 5. HP: 25/37 MP: 2/12
  2361 | D:3      | Reached *** piety under Cheibriados
  2520 | D:3      | Found a glowing golden altar of the Shining One.
  2801 | D:3      | Found a broken altar of Ashenzari.
  3062 | D:4      | Noticed Ijyb
  3072 | D:4      | Killed Ijyb
  3179 | D:4      | Found a runed translucent door.
  3472 | D:4      | Found a snail-covered altar of Cheibriados.
  3476 | D:4      | Found a basalt altar of Yredelemnul.
  3481 | D:4      | Found a bloodstained altar of Trog.
  3497 | D:4      | Reached XP level 6. HP: 35/44 MP: 9/14
  3550 | D:4      | Learned a level 4 spell: Animate Dead
  3562 | D:4      | Learned a level 3 spell: Call Canine Familiar
  3651 | D:4      | Found a runed translucent door.
  3652 | D:4      | Noticed Crazy Yiuf
  3658 | D:4      | Killed Crazy Yiuf
  3659 | D:4      | Reached skill level 5 in Dodging
  3706 | D:4      | Noticed AstroCodex24's ghost (weakling DgFi)
  3733 | D:5      | Entered Level 5 of the Dungeon
  3832 | D:5      | Learned a level 3 spell: Vampiric Draining
  4005 | D:5      | Noticed Prince Ribbit
  4022 | D:5      | Killed Prince Ribbit
  4023 | D:5      | Reached skill level 5 in Stealth
  4023 | D:5      | Reached XP level 7. HP: 24/51 MP: 1/15
  4123 | D:4      | Reached **** piety under Cheibriados
  4288 | D:5      | Reached XP level 8. HP: 49/58 MP: 9/16
  4541 | D:5      | Noticed a kobold demonologist
  4541 | D:5      | Noticed a yak
  4740 | D:5      | Found a stormy altar of Qazlal.
  4859 | D:5      | Noticed Grinder
  4862 | D:5      | Paralysed by Grinder for 4 turns
  4874 | D:5      | Paralysed by Grinder for 3 turns
  4875 | D:5      | Killed Grinder
  5242 | D:5      | Found a shadowy altar of Dithmenos.
  5501 | D:6      | Noticed Dowan
  5506 | D:6      | Noticed Duvessa
  5545 | D:6      | Killed Duvessa
  5546 | D:6      | Reached XP level 9. HP: 18/65 MP: 1/18
  5721 | D:6      | Killed Dowan
  5837 | D:6      | Found a glowing drain.
  5849 | Sewer    | Entered a sewer
  6008 | Sewer    | Found a white marble altar of Elyvilon.
  6151 | D:6      | Noticed Blork the orc
  6163 | D:6      | Killed Blork the orc
  6164 | D:6      | Reached skill level 8 in Necromancy
  6294 | D:6      | Found a shimmering altar of Xom.
  6743 | D:6      | Reached ***** piety under Cheibriados
  6820 | D:6      | Noticed Jeremiah
  6823 | D:6      | Reached skill level 5 in Invocations
  6859 | D:6      | Killed Jeremiah
  7345 | D:7      | Found a sparkling altar of Nemelex Xobeh.
  7463 | D:7      | Found a blossoming altar of Fedhas.
  7488 | D:7      | Found a staircase to the Ecumenical Temple.
  7491 | D:7      | Noticed Maggie
  7774 | D:7      | Reached skill level 5 in Fighting
  7774 | D:7      | Reached skill level 5 in Short Blades
  7774 | D:7      | Reached skill level 5 in Long Blades
  7774 | D:7      | Reached skill level 5 in Axes
  7774 | D:7      | Reached skill level 5 in Maces & Flails
  7774 | D:7      | Reached skill level 5 in Polearms
  7774 | D:7      | Reached skill level 5 in Staves
  7774 | D:7      | Reached skill level 5 in Ranged Weapons
  7774 | D:7      | Reached skill level 5 in Throwing
  7774 | D:7      | Reached skill level 5 in Armour
  7774 | D:7      | Reached skill level 5 in Shields
  7774 | D:7      | Reached skill level 5 in Unarmed Combat
  7774 | D:7      | Reached skill level 5 in Evocations
  7774 | D:7      | Reached XP level 10. HP: 57/74 MP: 20/20
  7838 | D:7      | Killed Maggie
  8563 | D:8      | Identified the +1 pair of boots of Xiwni {Fly Dex-2 SInv}
  8926 | D:8      | Reached skill level 5 in Shapeshifting
  9236 | D:8      | Noticed Grum
  9250 | D:8      | Killed Grum
  9563 | D:8      | Found a hazy altar of Hepliaklqana.
  9872 | D:8      | Found a hide-covered altar of Uskayaw.
  9937 | D:8      | Found a shimmering blue altar of Sif Muna.
 10141 | D:8      | Reached skill level 5 in Conjurations
 10141 | D:8      | Reached skill level 5 in Hexes
 10141 | D:8      | Reached skill level 5 in Summonings
 10141 | D:8      | Reached skill level 5 in Translocations
 10141 | D:8      | Reached skill level 5 in Fire Magic
 10141 | D:8      | Reached skill level 5 in Ice Magic
 10141 | D:8      | Reached skill level 5 in Air Magic
 10141 | D:8      | Reached skill level 5 in Earth Magic
 10141 | D:8      | Reached skill level 5 in Alchemy
 10409 | D:9      | Reached XP level 11. HP: 14/81 MP: 15/22
 10882 | D:9      | Reached skill level 9 in Necromancy
 10917 | D:9      | Found a burning altar of Makhleb.
 11612 | D:9      | Reached ****** piety under Cheibriados
 11798 | D:9      | Upgraded the game from 0.31-a0-1522-g43313d8a59 to
                  | 0.31-a0-1529-g7bd419a0e5
 11832 | D:9      | Learned a level 5 spell: Curse of Agony
 11841 | D:10     | Entered Level 10 of the Dungeon
 11842 | D:10     | Found a staircase to the Orcish Mines.
 11986 | D:10     | Identified the +1 cloak of Quapeuk {rN+}
 12070 | D:10     | Identified the +6 demon whip of the Unspeakable One {speed,
                  | ^Fragile Dex+4}
 12139 | D:10     | Killed from afar by a gargoyle

Illustrated notes

Levels and vault maps discovered:
D:1:      tarquinn_simple_flora_water_f, layout_loops_ring,
          chequers_ecumenical_altar_simple, glass_columns_a, minivault_26,
          hangedman_decor_slide_cut, st_stairs_8, minmay_misc_feat_alley
D:2:      layout_loops_ring
D:3:      layout_basic, mainiacjoe_overflow_cross_hatched,
          mainiacjoe_overflow_alcove_4, lemuel_round_altar
D:4:      layout_basic, grunt_temple_overflow_open, lemuel_tele_altar,
          gammafunk_ghost_grave, uniq_crazy_yiuf_cottage, uniq_ijyb
D:5:      layout_gridville, grunt_dithmenos_shadows, grunt_qazlal_clouds,
          lightli_corner_chamber, uniq_prince_ribbit1, uniq_grinder
D:6:      layout_basic, mainiacjoe_overflow_surrounded_room,
          gup_sewer_entry_bubbles, dk_rats_in_the_wall, uniq_blork_the_orc,
          uniq_jeremiah, uniq_duvessa
D:7:      layout_basic, fedhas_ov_isle_minmay, nemelex_spade_bored_becter,
          minmay_temple_entry_glass, uniq_maggie
D:8:      layout_basic, lemuel_crystal_altar, nicolae_uskayaw_dance_studio,
          overflow_temple_1_default, kennysheep_generic_room_2, uniq_grum
D:9:      kennysheep_housing_project, layout_loops_ring, lemuel_round_altar
D:10:     layout_loops_ring, orc_0_dummy, lemuel_flamethrower_2

Skill      XL: |  1  2  3  4  5  6  7  8  9 10 11 |
---------------+----------------------------------+-----
Spellcasting   | 5 6 7 8 |  8.3
Invocations    | 1 2 3 4 5 6 7 |  7.2
Fighting       | 1 2 3 4 5 6 |  6.5
Short Blades   | 1 2 3 4 5 6 |  6.5
Long Blades    | 1 2 3 4 5 6 |  6.5
Axes           | 1 2 3 4 5 6 |  6.5
Maces & Flails | 1 2 3 4 5 6 |  6.5
Polearms       | 1 2 3 4 5 6 |  6.5
Staves         | 1 2 3 4 5 6 |  6.5
Ranged Weapons | 1 2 3 4 5 6 |  6.5
Throwing       | 1 2 3 4 5 6 |  6.5
Armour         | 1 2 3 4 5 6 |  6.5
Shields        | 1 2 3 4 5 6 |  6.5
Unarmed Combat | 1 2 3 4 5 6 |  6.5
Evocations     | 1 2 3 4 5 6 |  6.5
Shapeshifting  | 1 2 3 4 5 6 |  6.0
Conjurations   | 1 2 3 4 5 |  5.4
Hexes          | 1 2 3 4 5 |  5.4
Summonings     | 1 2 3 4 5 |  5.4
Translocations | 1 2 3 4 5 |  5.4
Fire Magic     | 1 2 3 4 5 |  5.4
Ice Magic      | 1 2 3 4 5 |  5.4
Air Magic      | 1 2 3 4 5 |  5.4
Earth Magic    | 1 2 3 4 5 |  5.4
Alchemy        | 1 2 3 4 5 |  5.4
Dodging        | 5 6 7 8 |  8.1
Stealth        | 5 6 7 |  7.9
Necromancy     | 8 9 |  9.1

Action                     |  1- 3 |  4- 6 |  7- 9 | 10-12 || total
---------------------------+-------+-------+-------+-------++-------
  Melee: Unarmed           |     2 |       |       |       ||     2
         Club              |     5 |       |       |       ||     5
         Dagger            |    13 |    35 |   234 |    63 ||   345
         Bite              |     1 |     7 |    27 |    33 ||    68
         Punch             |       |     4 |     4 |    14 ||    22
         Whip              |       |       |       |   222 ||   222
   Cast: Necrotise         |    63 |    95 |    22 |     9 ||   189
         Vampiric Draining |       |     3 |    22 |    23 ||    48
         Animate Dead      |       |     1 |    11 |     8 ||    20
         Call Canine Famil |       |     1 |    11 |    11 ||    23
 Invoke: Slouch            |       |       |     1 |     1 ||     2
         Temporal Distorti |       |       |     1 |       ||     1
  Evoke: Wand              |       |     3 |     4 |     8 ||    15
    Use: Scroll            |       |     8 |     4 |     6 ||    18
         Potion            |       |     1 |       |     2 ||     3
   Stab: Sleeping          |       |       |     5 |     3 ||     8
         Distracted        |       |       |     4 |     4 ||     8
 Armour: Robe              |    15 |    59 |    92 |       ||   166
         Ring mail         |       |       |    45 |   204 ||   249
  Dodge: Dodged            |    41 |    64 |   222 |   306 ||   633

Table legend: (Time is in decaauts)
 A = Elapsed time spent in this place.
 B = Non-inter-level travel time spent in this place.
 C = Inter-level travel time spent in this place.
 D = Time resting spent in this place.
 E = Time spent auto-exploring this place.
 F = Levels seen in this place.
 G = Mean time per level.
                   A        B        C        D        E       F      G
               +--------+--------+--------+--------+--------+-----+--------+
         Total |  17103 |  16008 |   1095 |   2514 |   9348 |  11 | 1554.8 |
       Dungeon |  16702 |  15607 |   1095 |   2452 |   9148 |  10 | 1670.2 |
         Sewer |    401 |    401 |      0 |     62 |    200 |   1 |  401.0 |
               +--------+--------+--------+--------+--------+-----+--------+

Top non-repeatable levels by time:
     D:8: 2625 daAuts
     D:5: 2325 daAuts
     D:9: 2303 daAuts
     D:7: 2030 daAuts
     D:6: 1870 daAuts
     D:3: 1591 daAuts
     D:1: 1320 daAuts
     D:4: 1146 daAuts
     D:2: 1030 daAuts
    D:10: 458 daAuts
   Sewer: 401 daAuts
